[Event "ICC Open 2015"]
[Site "Internet Chess Club"]
[Date "2015.05.30"]
[Round "2"]
[White "jps7"]
[Black "yaguaro"]
[Result "0-1"]
[ICCResult "White checkmated"]
[WhiteElo "1592"]
[BlackElo "1959"]
[Opening "Old Indian: Tartakower (Wade) variation"]
[ECO "A41"]
[NIC "QO.17"]
[Time "19:12:59"]
[TimeControl "180+0"]

1. d4 d6 2. Nf3 Bg4 3. e3 Nd7 4. Be2 e5 5. dxe5 dxe5 6. e4 Ngf6 7. Bg5 Be7
8. Nc3 O-O 9. O-O c6 10. h3 Bh5 11. Qc1 Qc7 12. g4 Bg6 13. Qe3 Bc5 14. Qc1
Nxe4 15. Nxe4 Bxe4 16. Be3 Bxe3 17. fxe3 Rae8 18. Bd3 Bxf3 19. Rxf3 e4 20.
Bxe4 Rxe4 21. Kg2 Ne5 22. Rf5 Nc4 23. Kf3 Rxe3+ 24. Kf2 Qg3+ 25. Kf1 Qxh3+
26. Kf2 Qg3+ 27. Kf1 Rf3+ 28. Rxf3 Qxf3+ 29. Kg1 Qxg4+ 30. Kh1 Qh3+ 31. Kg1
Qe3+ 32. Qxe3 Nxe3 33. Rc1 Rd8 34. Kf2 Rd1 35. Rxd1 Nxd1+ 36. Ke2 Nxb2 37.
Kd2 Nc4+ 38. Kc3 Nd6 39. Kd4 h5 40. Ke5 h4 41. Kf4 g5+ 42. Kg4 f5+ 43. Kxg5
h3 44. Kf6 h2 45. Ke6 h1=Q 46. Kxd6 Qd5+ 47. Kc7 Qxa2 48. Kxb7 Qxc2 49. Kxa7
f4 50. Kb6 f3 51. Kc7 f2 52. Kd6 f1=Q 53. Kc7 Qf7+ 54. Kb8 Qcb3+ 55. Ka8
Qbb7# {White checkmated} 0-1

[Event "ICC Open 2015"]
[Site "Internet Chess Club"]
[Date "2015.05.30"]
[Round "2"]
[White "Parsifal"]
[Black "SJW"]
[Result "1-0"]
[ICCResult "Black checkmated"]
[WhiteElo "2431"]
[BlackElo "1439"]
[Opening "Levitsky attack (Queen's bishop attack)"]
[ECO "D00"]
[NIC "QP.08"]
[Time "19:13:27"]
[TimeControl "180+0"]

1. d4 d5 2. Bg5 h6 3. Bh4 Nf6 4. Bxf6 gxf6 5. e3 Bf5 6. c4 e6 7. Qb3 Nc6 8.
Nc3 Nb4 9. Rc1 dxc4 10. Bxc4 Rb8 11. Nf3 Nd3+ 12. Bxd3 Bxd3 13. Rd1 Ba6 14.
d5 Qc8 15. Qa4+ c6 16. d6 Qd7 17. Ne4 Bg7 18. Nc5 Bb5 19. Qg4 Qd8 20. Qxg7
Qa5+ 21. Rd2 Rf8 22. Qxf6 Bc4 23. d7# {Black checkmated} 1-0

[Event "ICC Open 2015"]
[Site "Internet Chess Club"]
[Date "2015.05.30"]
[Round "2"]
[White "LittlePeasant"]
[Black "Spirals"]
[Result "1-0"]
[ICCResult "Black resigns"]
[WhiteElo "2766"]
[BlackElo "2113"]
[Opening "QGD: 4.Nf3"]
[ECO "D37"]
[NIC "QP.09"]
[Time "19:13:14"]
[TimeControl "180+0"]

1. Nf3 d5 2. d4 Nf6 3. c4 e6 4. Nc3 Be7 5. cxd5 exd5 6. Bf4 c6 7. e3 Nbd7 8.
h3 Nf8 9. Bd3 Ng6 10. Bh2 Bd6 11. Ne5 O-O 12. O-O Re8 13. f4 a6 14. Rc1 Bd7
15. g4 Bb4 16. Qc2 Bxc3 17. bxc3 Ne4 18. Bxe4 dxe4 19. f5 Nxe5 20. dxe5 c5
21. Rcd1 Qe7 22. Qxe4 Bc6 23. Qf4 Rad8 24. Bg3 Rxd1 25. Rxd1 Rd8 26. Rd6 Re8
27. Kf2 f6 28. e6 Rd8 29. Rxd8+ Qxd8 30. Qd6 Qxd6 31. Bxd6 c4 32. Kg3 g5 33.
Be7 Kg7 34. Kf2 b5 35. Bd8 Be4 36. a3 h6 37. Kg3 Bd5 38. h4 Be4 39. hxg5
hxg5 40. Kf2 Bd5 41. Ke2 Be4 42. Ke1 Bf3 43. Kf2 Bxg4 44. e4 Bh3 45. Ke3 Bg2
46. e5 fxe5 47. f6+ Kf8 48. Be7+ Ke8 49. Bb4 Bd5 50. f7+ Kd8 51. f8=Q+ Kc7
52. Qd6+ Kb7 53. Qxd5+ {Black resigns} 1-0

[Event "ICC Open 2015"]
[Site "Internet Chess Club"]
[Date "2015.05.30"]
[Round "2"]
[White "PJJVenegas"]
[Black "EREBUNI"]
[Result "0-1"]
[ICCResult "White resigns"]
[WhiteElo "2284"]
[BlackElo "3024"]
[Opening "Queen's Indian defense"]
[ECO "A47"]
[NIC "QP.06"]
[Time "19:13:56"]
[TimeControl "180+0"]

1. d4 Nf6 2. Nf3 b6 3. Bf4 Bb7 4. e3 e6 5. Nbd2 Be7 6. h3 O-O 7. Bd3 d5 8.
O-O Nbd7 9. a4 c5 10. c3 Rc8 11. Ne5 Nxe5 12. Bxe5 Nd7 13. Bh2 Bf6 14. f4 g6
15. a5 Bc6 16. axb6 axb6 17. Nf3 Ra8 18. Qe2 Qc7 19. f5 e5 20. e4 Rxa1 21.
Rxa1 cxd4 22. Nxd4 dxe4 23. Nxc6 exd3 24. Qe4 d2 25. fxg6 hxg6 26. Rd1 Qd6
27. Nd4 Nc5 28. Qe2 Qd5 29. Nf3 Nb3 30. Bxe5 Re8 31. Nxd2 Rxe5 32. Qf2 Bg5
{White resigns}
0-1

[Event "ICC Open 2015"]
[Site "Internet Chess Club"]
[Date "2015.05.30"]
[Round "2"]
[White "Ohanessian"]
[Black "catman"]
[Result "0-1"]
[ICCResult "White checkmated"]
[WhiteElo "2048"]
[BlackElo "1754"]
[Opening "French: Tarrasch, closed variation"]
[ECO "C05"]
[NIC "FR.16"]
[Time "19:13:04"]
[TimeControl "180+0"]

1. e4 e6 2. d4 d5 3. Nd2 Nf6 4. e5 Nfd7 5. c4 dxc4 6. Nxc4 Be7 7. Bd3 b5 8.
Nd2 Bb7 9. Ngf3 a6 10. h4 c5 11. Ne4 Nc6 12. Bg5 Qa5+ 13. Kf1 Nxd4 14. Bxe7
Kxe7 15. Nxd4 cxd4 16. Qh5 Bxe4 17. Bxe4 h6 18. Bxa8 Rxa8 19. g3 b4 20. Qe2
Qxe5 21. Qxe5 Nxe5 22. Ke2 Rc8 23. Rac1 Nc4 24. b3 Nd6 25. Rc2 Rxc2+ 26. Kd3
Rxf2 27. Kxd4 Rxa2 28. Kc5 Rc2+ 29. Kxb4 Rc8 30. Ra1 Rb8+ 31. Kc3 Rb6 32. g4
e5 33. Re1 e4 34. g5 hxg5 35. hxg5 Ke6 36. Rf1 Rb5 37. b4 Rxg5 38. Ra1 e3
39. Rxa6 e2 40. Kd2 Re5 41. Ke1 f5 42. b5 Rxb5 43. Kxe2 Re5+ 44. Kf3 g5 45.
Ra8 g4+ 46. Kf4 Re4+ 47. Kg3 Re3+ 48. Kf2 Rf3+ 49. Kg2 Ne4 50. Re8+ Kd5 51.
Rf8 Ke5 52. Re8+ Kf4 53. Rf8 Rf2+ 54. Kg1 g3 55. Ra8 Nd2 56. Ra4+ Kg5 57.
Ra1 Nf3+ 58. Kh1 Rh2# {White checkmated} 0-1

[Event "ICC Open 2015"]
[Site "Internet Chess Club"]
[Date "2015.05.30"]
[Round "2"]
[White "Ricardov"]
[Black "SCORPION83"]
[Result "1/2-1/2"]
[ICCResult "Game drawn by repetition"]
[WhiteElo "2330"]
[BlackElo "3029"]
[Opening "French: Steinitz, Boleslavsky variation"]
[ECO "C11"]
[NIC "FR.04"]
[Time "19:12:50"]
[TimeControl "180+0"]

1. d4 e6 2. e4 d5 3. Nc3 Nf6 4. e5 Nfd7 5. f4 c5 6. Nf3 Nc6 7. Be3 a6 8. Qd2
b5 9. dxc5 Bxc5 10. Bxc5 Nxc5 11. Qf2 Qb6 12. Bd3 b4 13. Ne2 Na4 14. Qxb6
Nxb6 15. Ned4 Bd7 16. Nxc6 Bxc6 17. Nd4 Bd7 18. a3 bxa3 19. Rxa3 a5 20. Kd2
Ke7 21. Rha1 a4 22. b3 Rhc8 23. Bb5 axb3 24. cxb3 Rxa3 25. Rxa3 Ra8 26. Rxa8
Nxa8 27. Bd3 g6 28. Kc3 Kd8 29. Kb4 Kc7 30. Kc5 Nb6 31. Nb5+ Bxb5 32. Bxb5
Nd7+ 33. Bxd7 Kxd7 34. g4 h5 35. g5 h4 36. h3 Kc7 37. Kb5 Kb7 38. Kc5 Ka6
39. b4 Ka7 40. Kb5 Kb7 41. Kc5 Ka6 42. Kc6 Ka7 43. Kc7 Ka6 44. Kc6 Ka7 45.
Kc7 Ka6 46. Kc6 Ka7 47. Kc7 {Game drawn by repetition} 1/2-1/2

[Event "ICC Open 2015"]
[Site "Internet Chess Club"]
[Date "2015.05.30"]
[Round "2"]
[White "chessdjw"]
[Black "LordProtector"]
[Result "0-1"]
[ICCResult "White checkmated"]
[WhiteElo "2326"]
[BlackElo "3066"]
[Opening "Réti opening"]
[ECO "A30"]
[NIC "QP.10"]
[Time "19:12:48"]
[TimeControl "180+0"]

1. Nf3 c5 2. c4 Nf6 3. Nc3 b6 4. g3 Bb7 5. Bg2 e6 6. O-O a6 7. Re1 d6 8. e4
Be7 9. d4 cxd4 10. Nxd4 Qc7 11. Be3 O-O 12. Rc1 Nbd7 13. f4 Rac8 14. g4 g6
15. f5 gxf5 16. gxf5 e5 17. Nd5 Qd8 18. Nb3 Bxd5 19. cxd5 Kh8 20. Kh1 Rg8
21. Rc6 Ng4 22. Bg1 Nc5 23. Nxc5 bxc5 24. Bf3 Nf6 25. Rxa6 Rb8 26. b3 Ne8
27. Ra7 Bh4 28. Rf1 Qf6 29. Bh5 Qg5 30. Qf3 Nf6 31. Bxf7 Rg7 32. Be3 Qg4 33.
Qxg4 Nxg4 34. Bd2 Nf2+ 35. Rxf2 Bxf2 36. h4 Rf8 37. Bh6 Rgxf7 38. Ra6 Rd8
39. Kg2 Bxh4 40. Kf3 Bf6 41. a4 Be7 42. a5 Rb8 43. Kg4 Bf8 44. Bg5 Rxb3 45.
f6 h6 46. Bh4 Kh7 47. Ra8 Kg6 48. a6 h5# {White checkmated} 0-1

[Event "ICC Open 2015"]
[Site "Internet Chess Club"]
[Date "2015.05.30"]
[Round "2"]
[White "Mormegil"]
[Black "CapitalG"]
[Result "0-1"]
[ICCResult "White resigns"]
[WhiteElo "1709"]
[BlackElo "2717"]
[Opening "Nimzo-Indian: 4.e3, Gligoric system with 7...dc"]
[ECO "E54"]
[NIC "NI.05"]
[Time "19:13:24"]
[TimeControl "180+0"]

1. d4 Nf6 2. c4 e6 3. Nc3 Bb4 4. e3 O-O 5. Bd3 c5 6. Nf3 d5 7. O-O dxc4 8.
Bxc4 cxd4 9. Nxd4 Bd7 10. Qc2 Nc6 11. a3 Nxd4 12. exd4 Be7 13. Bf4 Rc8 14.
Ba2 Bc6 15. Rfd1 Nd5 16. Bg3 Qb6 17. Rac1 Nxc3 18. bxc3 Bxa3 19. Ra1 Be7 20.
Rab1 Qd8 21. c4 Bd6 22. Qb3 Bxg3 23. Qxg3 Qc7 24. d5 exd5 25. cxd5 Ba4 26.
d6 Qd7 27. Rd4 Rc2 28. Bd5 Bc6 29. Qd3 Rc5 30. Ba2 Rg5 31. g3 Re8 32. Rf4
Rge5 33. Bxf7+ Qxf7 34. Rxf7 Re1+ 35. Rxe1 Rxe1+ 36. Qf1 Rxf1+ 37. Kxf1 Kxf7
{White resigns}
0-1

[Event "ICC Open 2015"]
[Site "Internet Chess Club"]
[Date "2015.05.30"]
[Round "2"]
[White "ChillingGuy"]
[Black "PedroRomero2"]
[Result "1/2-1/2"]
[ICCResult "White stalemated"]
[WhiteElo "2371"]
[BlackElo "2080"]
[Opening "Trompowsky attack (Ruth, Opocenský opening)"]
[ECO "A45"]
[NIC "QP.07"]
[Time "19:13:00"]
[TimeControl "180+0"]

1. d4 Nf6 2. Bg5 Ne4 3. h4 d5 4. Nd2 Bf5 5. e3 h6 6. Bf4 c6 7. Bd3 Qb6 8. f3
Nxd2 9. Bxf5 Nc4 10. b3 e5 11. bxc4 exf4 12. exf4 dxc4 13. Ne2 Qa5+ 14. Kf2
Qxf5 15. g4 Qd5 16. Nc3 Qd7 17. d5 Bc5+ 18. Kg3 O-O 19. Ne4 Bb6 20. d6 f5
21. Ng5 Na6 22. Qe2 Rae8 23. Qxc4+ Kh8 24. Rae1 fxg4 25. fxg4 Be3 26. f5
Qxd6+ 27. Kf3 Bxg5 28. hxg5 Rxe1 29. Rxe1 Qd5+ 30. Qxd5 cxd5 31. gxh6 gxh6
32. Re7 Nc5 33. Kg3 Kg8 34. Kh4 Rf7 35. Re8+ Kg7 36. Rc8 b6 37. Rc6 d4 38.
Kh5 Ne4 39. Rg6+ Kf8 40. Kxh6 Rf6 41. g5 Rxf5 42. Kh5 Rxg5+ 43. Rxg5 Nxg5
44. Kxg5 Ke7 45. Kf5 Kd6 46. Ke4 Kc5 47. Kd3 Kd5 48. a3 b5 49. c3 dxc3 50.
Kxc3 Kc5 51. Kb3 a5 52. Kc3 b4+ 53. axb4+ axb4+ 54. Kb3 Kb5 55. Kb2 Kc4 56.
Kc2 b3+ 57. Kb2 Kb4 58. Kb1 Kc3 59. Kc1 b2+ 60. Kb1 Kb3 {White stalemated}
1/2-1/2

[Event "ICC Open 2015"]
[Site "Internet Chess Club"]
[Date "2015.05.30"]
[Round "2"]
[White "Pikaso"]
[Black "ShadowLike"]
[Result "1-0"]
[ICCResult "Black checkmated"]
[WhiteElo "2845"]
[BlackElo "2185"]
[Opening "Queen's pawn game"]
[ECO "A54"]
[NIC "OI.03"]
[Time "19:13:51"]
[TimeControl "180+0"]

1. d4 Nf6 2. Nf3 d6 3. c4 Nbd7 4. Nc3 e5 5. Bg5 Be7 6. e3 O-O 7. Be2 c6 8.
O-O Re8 9. Qc2 a6 10. Rfd1 Qc7 11. b4 b6 12. Rac1 Qb8 13. a3 Bb7 14. d5 cxd5
15. cxd5 Rc8 16. Qb3 Bf8 17. e4 h6 18. Be3 Be7 19. a4 Bd8 20. Nd2 Nf8 21.
Nc4 g5 22. Nxb6 Bxb6 23. Bxb6 Bxd5 24. Nxd5 Rxc1 25. Nxf6+ Kg7 26. Rxc1 Kxf6
27. Be3 Ne6 28. Rc6 Ra7 29. Bxa7 Qa8 30. Rxa6 Qxe4 31. Be3 d5 32. Bf3 Qf5
33. Bxd5 Kg7 34. Bxe6 fxe6 35. h3 g4 36. Qxe6 Qxe6 37. Rxe6 gxh3 38. gxh3 e4
39. Rb6 Kf7 40. a5 h5 41. a6 Ke7 42. a7 Kd7 43. a8=Q Kc7 44. Qa7+ Kc8 45.
Rb8# {Black checkmated} 1-0

[Event "ICC Open 2015"]
[Site "Internet Chess Club"]
[Date "2015.05.30"]
[Round "2"]
[White "SvMihajlov"]
[Black "Glamurius"]
[Result "0-1"]
[ICCResult "White forfeits on time"]
[WhiteElo "2260"]
[BlackElo "3001"]
[Opening "QGD: Lasker defense"]
[ECO "D56"]
[NIC "QP.08"]
[Time "19:13:14"]
[TimeControl "180+0"]

1. d4 d5 2. c4 e6 3. Nc3 Be7 4. Nf3 Nf6 5. Bg5 h6 6. Bh4 O-O 7. e3 Ne4 8.
Bxe7 Qxe7 9. Nxe4 dxe4 10. Nd2 f5 11. Be2 e5 12. d5 Nd7 13. O-O Nf6 14. Qc2
Kh8 15. Rab1 a5 16. a3 Bd7 17. b4 axb4 18. axb4 Be8 19. Ra1 Rb8 20. b5 Bg6
21. b6 cxb6 22. Rfb1 f4 23. Rxb6 Kh7 24. d6 Qd8 25. c5 f3 26. Bf1 Ng4 27. g3
Qg5 28. Nxe4 Qh5 29. h4 Kh8 30. Bd3 Nxe3 31. fxe3 Qg4 32. Kf2 Qh3 33. Rg1
Qh2+ 34. Kf1 f2 35. Qxf2 Rxf2+ 36. Nxf2 Bxd3+ 37. Nxd3 Rf8+ 38. Nf4 exf4 39.
exf4 Qd2 40. Rg2 Qc1+ 41. Kf2 Qxc5+ {White forfeits on time} 0-1

[Event "ICC Open 2015"]
[Site "Internet Chess Club"]
[Date "2015.05.30"]
[Round "2"]
[White "Giantvin"]
[Black "brizito"]
[Result "0-1"]
[ICCResult "White resigns"]
[WhiteElo "1950"]
[BlackElo "1671"]
[Opening "QGD: Marshall defense"]
[ECO "D06"]
[NIC "QP.08"]
[Time "19:13:06"]
[TimeControl "180+0"]

1. d4 d5 2. c4 Nf6 3. cxd5 e6 4. dxe6 Bxe6 5. Nf3 c5 6. e3 Nc6 7. Bb5 Be7 8.
O-O Qb6 9. Nc3 Rd8 10. Qa4 O-O 11. Bxc6 bxc6 12. dxc5 Qxc5 13. Qa3 Qxa3 14.
bxa3 Bc4 15. Re1 Bd6 16. Bb2 Rb8 17. Na4 Ne4 18. Bd4 c5 19. Be5 Bxe5 20.
Nxe5 Bb5 21. Nb2 Rfd8 22. Rad1 Rxd1 23. Rxd1 Nc3 24. Re1 Nxa2 25. Nbc4 f6
26. Nd6 fxe5 27. Rb1 Nc3 28. Rb3 Rd8 29. Rxc3 Rxd6 30. f3 Rd1+ 31. Kf2 c4
32. a4 Ba6 33. f4 exf4 34. exf4 Rd2+ 35. Ke3 Rd3+ 36. Rxd3 cxd3 {White
resigns} 0-1

[Event "ICC Open 2015"]
[Site "Internet Chess Club"]
[Date "2015.05.30"]
[Round "2"]
[White "nurmi"]
[Black "rynos0411"]
[Result "1-0"]
[ICCResult "Black checkmated"]
[WhiteElo "2208"]
[BlackElo "1682"]
[Opening "Giuoco Piano"]
[ECO "C50"]
[NIC "IG.02"]
[Time "19:13:01"]
[TimeControl "180+0"]

1. e4 e5 2. Nf3 Nc6 3. Bc4 Bc5 4. O-O Nf6 5. d3 h6 6. a4 a5 7. c3 d6 8. d4
exd4 9. cxd4 Ba7 10. Nc3 O-O 11. h3 Re8 12. Re1 Bd7 13. Bf4 Kh7 14. Bxf7 Rf8
15. Bb3 Ng4 16. Bg3 Nf6 17. e5 dxe5 18. Qd3+ e4 19. Nxe4 Bf5 20. Neg5+ hxg5
21. Qxf5+ Kh8 22. Rad1 Qc8 23. Qxg5 Qd7 24. Qh4+ Nh7 25. Ng5 g6 26. d5 Qf5
27. Qxh7# {Black checkmated} 1-0

[Event "ICC Open 2015"]
[Site "Internet Chess Club"]
[Date "2015.05.30"]
[Round "2"]
[White "MadMad"]
[Black "Redbaron"]
[Result "0-1"]
[ICCResult "White resigns"]
[WhiteElo "1494"]
[BlackElo "2468"]
[Opening "Nimzo-Indian: 4.e3 O-O, 5.Bd3"]
[ECO "E47"]
[NIC "NI.11"]
[Time "19:12:48"]
[TimeControl "180+0"]

1. d4 Nf6 2. c4 e6 3. Nc3 Bb4 4. e3 O-O 5. Bd3 b6 6. Ne2 Bb7 7. O-O d5 8. a3
Be7 9. cxd5 Nxd5 10. e4 Nxc3 11. bxc3 c5 12. Be3 Nd7 13. f3 h6 14. a4 Qc7
15. Rc1 Rfd8 16. Qd2 Rac8 17. Rc2 Nf8 18. Rfc1 Qd7 19. Bb5 Bc6 20. Bxc6 Qxc6
21. Ra2 Ng6 22. Qd3 Ne5 23. Qb5 Qxb5 24. axb5 Nc4 25. Bf2 Rd7 26. Rca1 cxd4
27. cxd4 Ra8 28. Nf4 Na5 29. d5 Bf6 30. Rc1 Nb3 31. Rcc2 Nd4 32. Bxd4 Bxd4+
33. Kf1 Be5 34. Nd3 Bxh2 35. Ke2 exd5 36. exd5 Re8+ 37. Kf2 Bd6 38. Rc6 Bb8
39. Rac2 Rxd5 40. Nb4 Rxb5 41. Rc8 Rxc8 42. Rxc8+ Kh7 43. Rxb8 Rxb4 44. Kg3
a5 45. Ra8 a4 46. Kf2 b5 47. g4 f6 48. Ke2 Rb3 49. Kd2 Rxf3 {White resigns}
0-1

[Event "ICC Open 2015"]
[Site "Internet Chess Club"]
[Date "2015.05.30"]
[Round "2"]
[White "JustKid"]
[Black "supermouse"]
[Result "0-1"]
[ICCResult "White resigns"]
[WhiteElo "2081"]
[BlackElo "2664"]
[Opening "King's Indian: fianchetto, Simagin variation"]
[ECO "E62"]
[NIC "KI.72"]
[Time "19:13:08"]
[TimeControl "180+0"]

1. g3 d6 2. Bg2 g6 3. d4 Bg7 4. c4 Nc6 5. Nf3 Nf6 6. O-O O-O 7. Nc3 Bg4 8.
d5 Na5 9. Nd2 c5 10. Qc2 a6 11. b3 Qc7 12. Bb2 Rfb8 13. Rab1 b5 14. e4 Rb6
15. h3 Bd7 16. e5 Ne8 17. f4 Bf5 18. Be4 Bxh3 19. Rf2 bxc4 20. bxc4 Rab8 21.
Na4 Rb4 22. a3 R4b7 23. e6 f5 24. Bf3 Nf6 25. Rh2 Bg4 26. Bxf6 Rxb1+ 27.
Nxb1 Bxf3 28. Bxg7 Be4 29. Qc3 Rxb1+ 30. Kf2 Rb3 31. Qa1 Rf3+ 32. Ke2 Nb3
33. Qb2 Rd3 34. Bh8 Rd2+ 35. Qxd2 Nxd2 36. Kxd2 Kxh8 37. Nc3 Qa5 38. Rf2 Kg7
39. Re2 h5 40. Re3 Qb6 41. Nxe4 Qb2+ 42. Ke1 fxe4 43. Rxe4 Qb1+ 44. Kf2 Qxe4
{White resigns}
0-1

[Event "ICC Open 2015"]
[Site "Internet Chess Club"]
[Date "2015.05.30"]
[Round "2"]
[White "Steingrim89"]
[Black "ro9991"]
[Result "0-1"]
[ICCResult "White forfeits on time"]
[WhiteElo "1582"]
[BlackElo "1938"]
[Opening "Queen's pawn game"]
[ECO "D02"]
[NIC "QP.08"]
[Time "19:12:56"]
[TimeControl "180+0"]

1. d4 d5 2. Nf3 c6 3. Bf4 Qb6 4. b3 Bg4 5. e3 e6 6. Nbd2 Nf6 7. Bd3 Bb4 8.
O-O Bc3 9. Rb1 a5 10. h3 Bh5 11. g4 Bg6 12. Bxg6 hxg6 13. Kg2 Nbd7 14. Rh1
c5 15. dxc5 Nxc5 16. Ne5 g5 17. Bg3 Nce4 18. Ndf3 Nxg3 19. Kxg3 Qc7 20. Qd3
Bxe5+ 21. Nxe5 Qxe5+ 22. Kg2 Qe4+ 23. Qxe4 Nxe4 24. Rbd1 Rc8 25. c4 dxc4 26.
bxc4 Rxc4 27. Rd3 Rc2 28. Rhd1 Rxf2+ 29. Kg1 Rxh3 30. Rd8+ Ke7 31. R1d7+ Kf6
{White forfeits on time}
0-1

[Event "ICC Open 2015"]
[Site "Internet Chess Club"]
[Date "2015.05.30"]
[Round "2"]
[White "cap78red"]
[Black "Providence"]
[Result "0-1"]
[ICCResult "White checkmated"]
[WhiteElo "1454"]
[BlackElo "2364"]
[Opening "English: Mikenas-Carls, Sicilian variation"]
[ECO "A19"]
[NIC "EO.54"]
[Time "19:13:13"]
[TimeControl "180+0"]

1. c4 Nf6 2. Nc3 e6 3. e4 c5 4. e5 Ng8 5. Nf3 Nc6 6. d4 cxd4 7. Nxd4 Nxe5 8.
Ndb5 d6 9. Bf4 a6 10. Bxe5 dxe5 11. Qxd8+ Kxd8 12. Na3 Bxa3 13. O-O-O+ Kc7
14. bxa3 Ne7 15. Be2 Bd7 16. Bf3 Bc6 17. Bxc6 Nxc6 18. Rd2 Rad8 19. Rhd1 Rd4
20. Rxd4 exd4 21. Ne2 e5 22. f4 f6 23. g4 Rd8 24. g5 Na5 25. h4 Nxc4 26. h5
d3 27. Nc3 exf4 28. h6 fxg5 29. hxg7 d2+ 30. Kc2 Ne3+ 31. Kb3 Nxd1 32. Nxd1
Rg8 33. Kc2 Rxg7 34. Kxd2 g4 35. Ke2 g3 36. Nc3 g2 37. Nd5+ Kd6 38. Nxf4
g1=Q 39. Nd3 Rg2+ 40. Kf3 Qf1+ 41. Ke4 Rg4+ 42. Ke3 Rg3+ 43. Kd2 Qxd3+ 44.
Kc1 Rg1+ 45. Kb2 Rb1# {White checkmated} 0-1

[Event "ICC Open 2015"]
[Site "Internet Chess Club"]
[Date "2015.05.30"]
[Round "2"]
[White "boobytrap"]
[Black "guibiazotto"]
[Result "1/2-1/2"]
[ICCResult "Game drawn by repetition"]
[WhiteElo "1952"]
[BlackElo "1679"]
[Opening "King's Indian: Makagonov system (5.h3)"]
[ECO "E71"]
[NIC "KI.31"]
[Time "19:13:50"]
[TimeControl "180+0"]

1. d4 Nf6 2. c4 g6 3. Nc3 Bg7 4. e4 d6 5. h3 Nbd7 6. Bg5 h6 7. Be3 e5 8. d5
O-O 9. Nf3 c6 10. Be2 Nb6 11. c5 dxc5 12. Bxc5 Re8 13. dxc6 bxc6 14. Qxd8
Rxd8 15. Nxe5 Re8 16. Nxc6 Nxe4 17. Nxe4 Rxe4 18. Ne7+ Kh7 19. f3 Re6 20.
Kf2 Bb7 21. Rad1 Re8 22. Bxb6 axb6 23. Rd7 Bc6 24. Nxc6 Rxe2+ 25. Kg3 Rxb2
26. a4 Ree2 27. Rg1 Rbc2 28. Nd4 Bxd4 29. Rxd4 Ra2 30. Rb4 Reb2 31. Rxb2
Rxb2 32. Ra1 Rb4 33. a5 bxa5 34. Rxa5 Rb2 35. Ra7 Kg7 36. Ra6 Rb3 37. Ra7
Rb2 38. Ra6 Rb3 39. Ra7 Rb2 40. Ra6 Rb3 41. Ra7 Rb2 42. Ra6 Rb3
{Game drawn by repetition}
1/2-1/2

[Event "ICC Open 2015"]
[Site "Internet Chess Club"]
[Date "2015.05.30"]
[Round "2"]
[White "Champion"]
[Black "ivancele"]
[Result "1-0"]
[ICCResult "Black forfeits on time"]
[WhiteElo "1958"]
[BlackElo "1594"]
[Opening "Pirc: Austrian attack"]
[ECO "B09"]
[NIC "PU.07"]
[Time "19:13:39"]
[TimeControl "180+0"]

1. e4 d6 2. d4 Nf6 3. Nc3 g6 4. f4 c6 5. Nf3 b5 6. Bd3 Bg7 7. e5 dxe5 8.
fxe5 Nd5 9. Ne4 O-O 10. O-O a6 11. h3 h6 12. c3 Kh7 13. Ng3 e6 14. Qe2 Nd7
15. h4 Kg8 16. Ne4 N7b6 17. Nd6 Ra7 18. Qf2 Rc7 19. Qg3 Bb7 20. h5 g5 21.
Nxg5 hxg5 22. Bxg5 f6 23. Bh4 Ba8 24. h6 Nc4 25. Qg6 {Black forfeits on
time} 1-0

[Event "ICC Open 2015"]
[Site "Internet Chess Club"]
[Date "2015.05.30"]
[Round "2"]
[White "blackmiura"]
[Black "NAS"]
[Result "0-1"]
[ICCResult "White resigns"]
[WhiteElo "1999"]
[BlackElo "1671"]
[Opening "Van't Kruijs opening"]
[ECO "A00"]
[Time "19:13:24"]
[TimeControl "180+0"]

1. e3 e5 2. d4 exd4 3. exd4 d5 4. Nf3 Nf6 5. Bd3 Be7 6. O-O O-O 7. Re1 h6 8.
c3 Bg4 9. Bf4 Nc6 10. Nbd2 Qd7 11. Qc2 Rfe8 12. Bg3 Bxf3 13. Nxf3 Bd6 14.
Bxd6 cxd6 15. Bf5 Qc7 16. Qb3 Na5 17. Qc2 Nc4 18. b3 Nb6 19. Qd3 Rxe1+ 20.
Rxe1 Re8 21. Rxe8+ Nxe8 22. Qe3 Nf6 23. h3 Kf8 24. Kf1 Qe7 25. Qxe7+ Kxe7
26. Ke2 Ne4 27. Bxe4 dxe4 28. Nd2 f5 29. g4 g6 30. f3 d5 31. c4 Ke6 32. c5
Nc8 33. Ke3 Ne7 34. f4 fxg4 35. hxg4 h5 36. a4 hxg4 37. Kf2 Nf5 38. Kg2 Nxd4
39. b4 e3 40. Nb1 e2 41. Kf2 Kf5 42. Nc3 g3+ 43. Ke1 g2 44. Nxe2 Nxe2 45.
Kxe2 g1=Q 46. Kd3 Qg3+ {White resigns} 0-1

[Event "ICC Open 2015"]
[Site "Internet Chess Club"]
[Date "2015.05.30"]
[Round "2"]
[White "haimw"]
[Black "awesome5123"]
[Result "1-0"]
[ICCResult "Black resigns"]
[WhiteElo "1911"]
[BlackElo "1555"]
[Opening "Dutch with c4 & Nc3"]
[ECO "A96"]
[NIC "HD.05"]
[Time "19:13:12"]
[TimeControl "180+0"]

1. d4 f5 2. c4 Nf6 3. Nc3 e6 4. g3 Be7 5. Bg2 O-O 6. Nf3 d6 7. O-O Nc6 8. b3
Bd7 9. Bb2 Qe8 10. d5 Ne5 11. Nxe5 dxe5 12. Qd2 exd5 13. Nxd5 Nxd5 14. Bxd5+
Kh8 15. Bxe5 c6 16. Bg2 Bc5 17. Qc3 Rf7 18. Rad1 Re7 19. e3 Rxe5 20. Rxd7
Re7 21. Rd3 Rd8 22. Rfd1 Red7 23. Rxd7 Rxd7 24. Rxd7 Qxd7 25. Bf3 Kg8 26.
Qe5 Qd6 27. Qxf5 g6 28. Qc8+ Qf8 29. Qe6+ Qf7 30. Qe4 Bb6 31. Kg2 g5 32. Bg4
h5 33. Be6 Qxe6 34. Qxe6+ {Black resigns} 1-0

[Event "ICC Open 2015"]
[Site "Internet Chess Club"]
[Date "2015.05.30"]
[Round "2"]
[White "FZI88"]
[Black "Sebs"]
[Result "0-1"]
[ICCResult "White resigns"]
[WhiteElo "2222"]
[BlackElo "2965"]
[Opening "Ruy Lopez: closed, Keres (...Nd7) defense"]
[ECO "C96"]
[NIC "RL.23"]
[Time "19:13:23"]
[TimeControl "180+0"]

1. e4 e5 2. Nf3 Nc6 3. Bb5 a6 4. Ba4 Nf6 5. O-O Be7 6. Re1 b5 7. Bb3 d6 8.
c3 O-O 9. h3 Na5 10. Bc2 c5 11. d4 Nd7 12. Nbd2 exd4 13. cxd4 Re8 14. Nf1
Bf6 15. Bf4 cxd4 16. Nxd4 Nc4 17. b3 Na3 18. Rc1 Nxc2 19. Rxc2 Nc5 20. Nc6
Qd7 21. Qxd6 Qxd6 22. Bxd6 Nxe4 23. Ne7+ Bxe7 24. Bxe7 Rxe7 25. f3 f5 26.
Ng3 g6 27. fxe4 Bb7 28. e5 Rae8 29. Rc5 Kf7 30. Nf1 Be4 31. Nd2 Rxe5 32.
Rxe5 Rxe5 33. Kf2 Kf6 34. Rc1 Bxg2 35. Rc7 Bxh3 36. Rc6+ Re6 37. Rc7 h5 38.
Nf3 Bg4 39. Nd4 Rd6 40. Ke3 h4 41. a4 bxa4 42. bxa4 h3 43. Rh7 Rb6 44. a5
Rd6 {White resigns} 0-1

[Event "ICC Open 2015"]
[Site "Internet Chess Club"]
[Date "2015.05.30"]
[Round "2"]
[White "Lightlike"]
[Black "paulleon"]
[Result "0-1"]
[ICCResult "White resigns"]
[WhiteElo "2626"]
[BlackElo "2065"]
[Opening "French: Winawer, advance, 6...Ne7"]
[ECO "C18"]
[NIC "FR.11"]
[Time "19:13:48"]
[TimeControl "180+0"]

1. e4 e6 2. d4 d5 3. Nc3 Bb4 4. e5 c5 5. a3 Bxc3+ 6. bxc3 Ne7 7. h4 Nbc6 8.
Nf3 Qa5 9. Bd2 Qa4 10. h5 cxd4 11. cxd4 Nxd4 12. Bd3 h6 13. Kf1 Nxf3 14.
Qxf3 Bd7 15. Bb4 Bb5 16. Rh4 Bxd3+ 17. cxd3 Qd7 18. Rf4 O-O 19. g4 a5 20.
Bd6 Ra6 21. Rc1 Rxd6 22. exd6 Qxd6 23. Qe3 Qxa3 24. Rf3 Nc6 25. Qc5 Qxc5 26.
Rxc5 Ra8 27. Re3 a4 28. Re2 Nd4 29. Ra2 b5 30. Rc7 b4 31. Rb7 b3 32. Ra3 Nc2
33. Rbxb3 Nxa3 34. Rxa3 Kf8 35. Ke2 Ke7 36. Ke3 Kd6 37. Kd4 e5+ 38. Kc3 Kc5
39. Ra1 d4+ 40. Kb2 Kb4 41. Ka2 Kc3 42. Rd1 Kc2 43. Re1 f6 44. f4 Kd2 45.
Re4 Kxd3 46. Re1 exf4 47. Rf1 Ke3 48. Re1+ Kf2 49. Re4 f3 50. Rxd4 Kg2 51.
Rd2+ f2 52. Ka3 Kg1 {White resigns} 0-1